 Dungeon Crawl Stone Soup version 0.30-a0-178-g4db885d750 (webtiles) character file.

Game seed: 10803928464675657663

28 Aibolit the Vexing (level 3, -3/26 HPs)
             Began as a Human Hexslinger on Oct 3, 2022.
             Slain by a gnoll
             ... wielding a +0 spear
              (4 damage)
             ... on level 2 of the Dungeon.
             The game lasted 00:01:28 (818 turns).

Aibolit the Vexing (Human Hexslinger)                Turns: 818, Time: 00:01:28

Health: -3/26      AC:  2    Str: 10    XL:     3   Next: 30%
Magic:  5/5        EV: 12    Int: 13    God:
Gold:   43         SH:  0    Dex: 15    Spells: 3/4 levels left

rFire   . . .      SeeInvis .    a - +1 sling
rCold   . . .      Faith    .    (no shield)
rNeg    . . .      Spirit   .    c - +0 robe
rPois   .          Reflect  .    (no helmet)
rElec   .          Harm     .    (no cloak)
rCorr   .          Rampage  .    (no gloves)
Will    .....                    (no boots)
Stlth   +.........               (no amulet)
HPRegen 0.24/turn                (no ring)
MPRegen 0.09/turn                (no ring)

@: studying Necromancy
A: no striking features
a: no special abilities


You were on level 2 of the Dungeon.
You visited 1 branch of the dungeon, and saw 2 of its levels.

You collected 43 gold pieces.

Inventory:

Hand Weapons
 a - a +1 sling (weapon)
Armour
 c - a +0 robe (worn)
Scrolls
 b - a scroll of poison
 f - a scroll of noise {unknown}
Potions
 d - a potion of curing {unknown}
 e - 2 potions of degeneration {unknown}
 g - a potion of heal wounds {unknown}


   Skills:
 + Level 1.5 Fighting
 + Level 2.3 Ranged Weapons
 + Level 2.3 Dodging
 + Level 1.4 Spellcasting
 + Level 3.2 Hexes


You had 3 spell levels left.
You knew the following spells:

 Your Spells              Type           Power      Damage    Failure   Level
a - Slow                  Hex            36%        N/A       7%          1

Your spell library contained the following spells:

 Spells                   Type           Power      Damage    Failure   Level
 Inner Flame              Hex/Fire       5%         N/A       38%         3
 Portal Projectile        Hex/Tloc       10%        N/A       38%         3
 Cause Fear               Hex            4%         N/A       56%         4


Dungeon Overview and Level Annotations

Branches:
Dungeon (2/15)

Altars:

Shops:
D:1 *


Message History

The sling bullet barely misses the gnoll.
The rat twitches its whiskers.
The gnoll hits you with a +0 club.
You shoot a sling bullet.
The sling bullet closely misses the gnoll.
The sling bullet hits the rat.
You kill the rat!
The gnoll closely misses you. x2; The gnoll hits you with a +0 club.
You shoot a sling bullet.
The sling bullet hits the gnoll but does no damage.
The gnoll is heavily wounded.
The gnoll hits you with a +0 club!
The gnoll hits you from afar with a +0 spear.
* * * LOW HITPOINT WARNING * * *
You are too injured to fight recklessly!
You are too injured to fight recklessly!
You are too injured to fight recklessly!
You are too injured to fight recklessly!
You are too injured to fight recklessly!
Really read the scroll of poison?
Okay, then.
The gnoll attacks as you move away! The gnoll closely misses you.
Read: 2 scrolls of poison
Press: ? - help, Q - select action, (/) - cycle Dir - look around, f - activate The air fills with toxic fumes!
As you read the scroll of poison, it crumbles to dust.
The gnoll closely misses you. The gnoll barely misses you.
You shoot a sling bullet.
The sling bullet barely misses the gnoll.
The sling bullet hits the gnoll.
The gnoll is heavily wounded.
The gnoll hits you with a +0 club.
* * * LOW HITPOINT WARNING * * *
The gnoll barely misses you.
You shoot a sling bullet. The sling bullet hits the gnoll.
The gnoll is severely wounded.
The gnoll hits you with a +0 club.
* * * LOW HITPOINT WARNING * * *
The gnoll hits you from afar with a +0 spear.
You die...

####.... ..
........ #§
.###... #§## .##
§g# ..# #g# .##
#§# .# #g# ## #g#
############ #@#
..##.......#####§#
#.##.##........§§#
#.......##.#######
####.#####.#
#.......#
#########


You could see 4 gnolls.

Vanquished Creatures
  An adder (D:2)
  An endoplasm (D:2)
  A goblin (D:2)
  2 hobgoblins (D:1)
  6 ball pythons (D:1)
  3 bats (D:1)
  A frilled lizard (D:1)
  2 kobolds (D:1)
  4 rats
21 creatures vanquished.

Notes
Turn   | Place    | Note
-------+----------+-------------------------------------------
     0 | D:1      | Aibolit the Human Hexslinger began the quest for the Orb.
     0 | D:1      | Reached XP level 1. HP: 15/15 MP: 2/2
   181 | D:1      | Reached XP level 2. HP: 21/21 MP: 3/3
   337 | D:1      | Found Micsafui's General Store.
   653 | D:2      | Reached XP level 3. HP: 25/26 MP: 3/5
   818 | D:2      | HP: 1/26 [gnoll/+0 club (1)]
   818 | D:2      | Slain by a gnoll

Illustrated notes

Levels and vault maps discovered:
D:1:      minmay_arrival_four_loops, layout_basic, serial_shops,
          nicolae_lakefront_shop
D:2:      layout_loops_cross, ebering_ecumenical_altar_abandoned,
          minmay_heptomino_o4

Action                   || total
-------------------------++-------
 Fire: Sling             ||    77
 Cast: Slow              ||     2
  Use: Scroll            ||     1
Armor: Robe              ||    18
Dodge: Dodged            ||    30

Table legend: (Time is in decaauts)
 A = Elapsed time spent in this place.
 B = Non-inter-level travel time spent in this place.
 C = Inter-level travel time spent in this place.
 D = Time resting spent in this place.
 E = Time spent auto-exploring this place.
 F = Levels seen in this place.
 G = Mean time per level.
                   A        B        C        D        E       F      G
               +--------+--------+--------+--------+--------+-----+--------+
         Total |    840 |    827 |     13 |      0 |    685 |   2 |  420.0 |
       Dungeon |    840 |    827 |     13 |      0 |    685 |   2 |  420.0 |
               +--------+--------+--------+--------+--------+-----+--------+

Top non-repeatable levels by time:
     D:1: 617 daAuts
     D:2: 222 daAuts
